 Dungeon Crawl Stone Soup version 0.22-a0-480-g991dd4b (webtiles) character file.

53 sighowe the Ruffian (level 3, 0/29 (30) HPs)
             Began as a Ghoul Warper on June 15, 2018.
             Killed by divine providence
             ... invoked by an orc priest
              (11 damage)
             ... on level 3 of the Dungeon.
             The game lasted 00:11:19 (2437 turns).

sighowe the Ruffian (Ghoul Warper)                  Turns: 2437, Time: 00:11:19

HP:   0/29 (30)     AC:  3    Str: 15    XL:     3   Next: 87%
MP:   3/5           EV: 11    Int:  8    God:
Gold: 109           SH:  0    Dex:  8    Spells: 2/6 levels left

rFire    . . .     SeeInvis .     - Unarmed
rCold    + . .     Gourm    .   (no shield)
rNeg     + + +     Faith    .   h - +0 leather armour
rPois    ∞         Spirit   .   (no helmet)
rElec    .         Reflect  .   (no cloak)
rCorr    .         Harm     .   l - -1 pair of gloves (curse)
MR       .....                  (no boots)
Stlth    +.........             (no amulet)
HPRegen  0.00/turn              (no ring)
MPRegen  0.09/turn              (no ring)

@: shrouded (expiring), rotting, slowed, very slow
A: rotting body, claws 1, carnivore, cold resistance 1, negative energy
resistance 3, inhibited regeneration, torment resistance, unbreathing
a: no special abilities


You were on level 3 of the Dungeon.
You were not hungry.

You visited 1 branch of the dungeon, and saw 3 of its levels.

You collected 109 gold pieces.

Inventory:

Missiles
 e - 14 poisoned needles (quivered)
Armour
 a - a +0 leather armour
 h - a +0 leather armour (worn)
 l - a cursed -1 pair of gloves (worn)
Scrolls
 b - 2 scrolls of teleportation
 c - 3 scrolls of blinking
 d - a scroll of enchant weapon {unknown}
 i - 3 scrolls of identify
 m - a scroll of fear {unknown}
 o - a scroll of noise {unknown}
Potions
 g - 2 potions of invisibility {unknown}
 j - 2 potions of curing
 k - a potion of mutation
 n - a potion of heal wounds {unknown}
Comestibles
 f - 6 rations


   Skills:
 * Level 2.6 Fighting
 * Level 1.4 Throwing
 * Level 1.2 Armour
 + Level 2.0 Dodging
 * Level 2.7 Unarmed Combat
 * Level 2.2 Spellcasting
 - Level 2.6 Translocations


You had 2 spell levels left.
You knew the following spells:

 Your Spells              Type           Power        Failure   Level  Hunger
a - Blink                 Tloc           N/A          22%         2    ###....
b - Shroud of Golubria    Chrm/Tloc      #.........   36%         2    ###....

Your spell library contained the following spells:

 Spells                   Type           Power        Failure   Level  Hunger
 Teleport Other           Tloc           #.......     38%         3    ####...
 Passage of Golubria      Tloc           N/A          80%         4    #####..
 Gell's Gravitas          Tloc           #.........   38%         3    ####...
 Lesser Beckoning         Tloc           #.........   38%         3    ####...


Dungeon Overview and Level Annotations

Branches:
Dungeon (3/15)

Altars:
Makhleb


Innate Abilities, Weirdness & Mutations

Your body is rotting away.
You thrive on raw meat.
You are immune to poison.
You have sharp fingernails.
You are carnivorous and can eat meat at any time.
Your flesh is cold resistant. (rC+)
You are immune to negative energy. (rN+++)
You do not regenerate when monsters are visible.
You are immune to unholy pain and torment.
You can survive without breathing.


Message History

The orc wizard hits you with a dagger.
You hit the orc wizard but do no damage.
The orc wizard is lightly wounded.
The orc wizard hits you but does no damage.
Your shroud bends the orc wizard's attack away.
You barely miss the orc wizard.
The orc wizard is lightly wounded.
Your shroud begins to fray at the edges.
The orc wizard gestures at you while chanting.
The magic dart hits you! The orc wizard hits you with a dagger.
You closely miss the orc wizard. The orc wizard closely misses you. x2
You hit the orc wizard.
The orc wizard is moderately wounded.
The orc wizard gestures at you while chanting.
You feel as though you will be slow longer.
The orc wizard gestures wildly while chanting.
The orc wizard blinks!
The orc priest mumbles some strange prayers to Beogh against you.
Beogh smites you!
You die...

..$.. ...... ##......
## ........ #.#
#.###........
.....#####.#.##......
#.o.@.§o.........o #
#############..........
.. ... ..# #.###......
#.# #.# #.# #.# ####.
#.######>####.# ##.##
#..........#.# #...#
#.##.##.#..#.# #...#
#.##.##....#.# #...#
###.##.##......## #...#


You could see an orc priest and an orc wizard.

Vanquished Creatures
  A worm (D:2)
  4 leopard geckos (D:1)
  An orc (D:3)
  2 giant cockroaches
  5 goblins (D:1)
  4 hobgoblins
  2 jackals (D:2)
  5 kobolds
  8 bats
  5 frilled lizards
  9 rats
46 creatures vanquished.

Notes
Turn   | Place    | Note
-------+----------+-------------------------------------------
     0 | D:1      | sighowe the Ghoul Warper began the quest for the Orb.
     0 | D:1      | Reached XP level 1. HP: 17/17 MP: 2/2
    71 | D:1      | Reached skill level 1 in Throwing
   196 | D:1      | Reached XP level 2. HP: 25/25 MP: 3/3
   217 | D:1      | Learned a level 2 spell: Blink
   220 | D:1      | Learned a level 2 spell: Shroud of Golubria
   457 | D:1      | Reached skill level 1 in Armour
   673 | D:1      | Reached XP level 3. HP: 21/30 MP: 5/5
  1314 | D:2      | Found a burning altar of Makhleb.
  2437 | D:3      | Killed from afar by an orc priest

Vault maps used:
D:1:      dpeg_arrival_rooms_with_view, st_stairs_9
D:2:      nicolae_overflow_crystal_walls, first_ration
D:3:      elyvilon_altar_5

Skill      XL: |  1  2 |
---------------+-------+-----
Throwing       | 1 |  1.4
Spellcasting   | 2 |  2.2
Armour         | 1 |  1.2
Dodging        | 2 |  2.0
Fighting       | |  2.6
Unarmed Combat | |  2.7
Translocations | |  2.6

Action                   || total
-------------------------++-------
Melee: Unarmed           ||   175
       Punch             ||     2
Throw: Tomahawk          ||     5
 Cast: Shroud of Golubri ||     4
  Use: Scroll            ||     4
       Potion            ||     1
  Eat: Chunk             ||     5
Armor: Leather armour    ||    67
Dodge: Dodged            ||   121

Table legend:
 A = Spawn XP
 B = Non-spawn XP
 C = Spawn XP percentage of total XP
 D = Spawn monster count
 E = Non-spawn monster count
 F = Spawn count percentage of total count
 G = Total turns spent on level
                    A         B        C        D         E        F      G
               +---------+---------+-------+---------+---------+-------+---------
         Total |       0 |      76 |   0.0 |       0 |      46 |   0.0 |  2437
               +---------+---------+-------+---------+---------+-------+---------
           D:1 |       0 |      45 |   0.0 |       0 |      29 |   0.0 |  1305
           D:2 |       0 |      23 |   0.0 |       0 |      13 |   0.0 |   976
           D:3 |       0 |       8 |   0.0 |       0 |       4 |   0.0 |   156
               +---------+---------+-------+---------+---------+-------+---------
